 Dungeon Crawl Stone Soup version 0.31-a0-806-g0bc164a743 (webtiles) character file.

Game seed: 7890431276837794972

4 Gargoyl the Trooper (level 1, -2/14 HPs)
             Began as a Gargoyle Berserker on Sept 21, 2023.
             Was a Follower of Trog.
             Slain by a quokka (4 damage)
             ... on level 1 of the Dungeon.
             The game lasted 00:00:17 (164 turns).

Gargoyl the Trooper (Gargoyle Berserker)             Turns: 164, Time: 00:00:17

Health: -2/14      AC:  4    Str: 20    XL:     1   Next: 60%
Magic:  1/1        EV: 11    Int:  7    God:    Trog [*.....]
Gold:   0          SH:  0    Dex:  9    Spells: 0/0 levels left

rFire   . . .        a - +0 hand axe
rCold   . . .        (no shield)
rNeg    + . .        b - +0 animal skin
rPois   ∞            (no helmet)
rElec   +            (no cloak)
rCorr   .            (no gloves)
SInv    .            (no boots)
Will    .....        (no amulet)
Stlth   +            (no ring)
HPRegen 0.22/turn    (no ring)
MPRegen 0.07/turn

%: no passive effects
@: no status effects
A: sickness immunity, AC +2, negative energy resistance 1, electricity
resistance, torment resistance 1, petrification resistance
a: Renounce Religion, Berserk


You were on level 1 of the Dungeon.
You worshipped Trog.
Trog was aware of your devotion.
You visited 1 branch of the dungeon, and saw 1 of its levels.

Inventory:

Hand Weapons
 a - a +0 hand axe (weapon)
Missiles
 e - 3 poisoned darts (quivered)
Armour
 b - a +0 animal skin (worn)
Potions
 c - a potion of degeneration {unknown}
 d - a potion of heal wounds {unknown}
 f - a potion of curing {unknown}
 g - a potion of cancellation {unknown}


   Skills:
 + Level 3.4 Fighting
 + Level 2.8 Axes
 + Level 2.2 Armour
 + Level 1.6 Dodging


You couldn't memorise any spells.
You didn't know any spells.
Your spell library was empty.

Dungeon Overview and Level Annotations

Branches:
Dungeon (1/15)

Altars:


Innate Abilities, Weirdness & Mutations

You are immune to sickness and miasma.
Your stone body is resilient. (AC +2)
You are immune to poison.
You resist negative energy. (rN+)
You are resistant to electric shocks. (rElec)
You are resistant to unholy torment.
You are immune to petrification.


Message History

The quokka bites you but does no damage.
The quokka closely misses you. The quokka bites you.
The kobold closely misses you.
You barely miss the kobold. You hit the quokka but do no damage.
The quokka bites you.
The kobold hits you with a +0 short sword.
You closely miss the kobold. You hit the quokka but do no damage.
The quokka twitches its whiskers.
The quokka closely misses you. The kobold closely misses you.
The quokka bites you but does no damage.
You closely miss the kobold. You hit the quokka.
The kobold hits you with a +0 short sword.
The quokka barely misses you.
You hit the kobold but do no damage. You closely miss the quokka.
The quokka barely misses you. The kobold hits you but does no damage.
The quokka barely misses you.
You closely miss the kobold. You closely miss the quokka.
The kobold misses you. The quokka bites you.
* * * LOW HITPOINT WARNING * * *
The kobold completely misses you.
You hit the kobold.
The kobold is severely wounded.
You closely miss the quokka. The quokka barely misses you.
The kobold hits you with a +0 short sword.
* * * LOW HITPOINT WARNING * * *
You miss the kobold.
The kobold is severely wounded.
You hit the quokka but do no damage. The quokka barely misses you.
The kobold barely misses you. The quokka closely misses you.
You completely miss the kobold.
The kobold is severely wounded.
You barely miss the quokka.
The kobold hits you with a +0 short sword.
* * * LOW HITPOINT WARNING * * *
The quokka bites you.
* * * LOW HITPOINT WARNING * * *
You miss the kobold.
The kobold is severely wounded.
You closely miss the quokka. The quokka bites you.
You die...

#.# #.# ..# #.# #..
######.### #.#
.........# #.#
######.#.# #.#
######.#.# #.#
#...##.#.## #.#
.....#..#.######r#####..
.....#..##...>..@K......
.....#.#..##############
#...#.###.#######
##...## ##......#######
##(.#.###.##.##........
##..##.#.###)##.#######
##..###..# #.##.#
.....##..###.##.###.
##..>....#..........


You could see a quokka and a kobold.

Vanquished Creatures
  A goblin (D:1)
  A kobold (D:1)
  A quokka (D:1)
3 creatures vanquished.

Notes
Turn   | Place    | Note
-------+----------+-------------------------------------------
     0 | D:1      | Gargoyl the Gargoyle Berserker began the quest for the Orb.
     0 | D:1      | Reached XP level 1. HP: 14/14 MP: 1/1
   164 | D:1      | Slain by a quokka

Illustrated notes

Levels and vault maps discovered:
D:1:      nzn_arrival_settlement, layout_loops_ring, serial_shops, shop,
          minmay_splitting_lines

Action                     || total
---------------------------++-------
  Melee: Hand axe          ||    15
 Armour: Animal skin       ||    17
  Dodge: Dodged            ||    16

Table legend: (Time is in decaauts)
 A = Elapsed time spent in this place.
 B = Non-inter-level travel time spent in this place.
 C = Inter-level travel time spent in this place.
 D = Time resting spent in this place.
 E = Time spent auto-exploring this place.
 F = Levels seen in this place.
 G = Mean time per level.
                   A        B        C        D        E       F      G
               +--------+--------+--------+--------+--------+-----+--------+
         Total |    166 |    166 |      0 |      0 |     96 |   1 |  166.0 |
       Dungeon |    166 |    166 |      0 |      0 |     96 |   1 |  166.0 |
               +--------+--------+--------+--------+--------+-----+--------+

Top non-repeatable levels by time:
     D:1: 166 daAuts
